Flames vs Islanders

Created - Saturday, February 28, 2015 at 01:44

Goals
1 2 3 T
Flames 2 1 2 5
Islanders 2 0 1 3
Shots
1 2 3 T
Flames 11 9 13 33
Islanders 17 9 7 33

1st period

1. Islanders , Dustin Brown 9 (Kyle Quincey, Jamie Benn) at 0:33 (PP)
2. Flames , Michael Frolik 14 (Jacob Trouba, Matt Read) at 2:28 (PP)
3. Flames , Jason Pominville 33 (Jason Spezza) at 10:26
4. Islanders , Erik Karlsson 30 (Jamie Benn, Dustin Brown) at 11:32 (PP)

Penalties :
Justin Faulk (Cal) for Diving (Minor) at 0:10, Kyle Quincey (NYI) for Hooking (Minor) at 1:17, Jordan Staal (Cal) for Slashing (Minor) at 11:13, Dustin Brown (NYI) for Hooking (Minor) at 14:52

2nd period

5. Flames , Michael Frolik 15 (Matt Read) at 11:10 (PP)

Penalties :
Matt Martin (NYI) for Hooking (Minor) at 10:46, Barret Jackman (Cal) for High sticking (Minor) at 15:13

3rd period

6. Islanders , Jamie Benn 45 (Erik Karlsson, Tyler Ennis) at 1:37 (PP)
7. Flames , Jacob Trouba 18 (Matt Read, Jordan Staal) at 10:12 (PP)
8. Flames , Jordan Staal 14 (Michael Frolik, Matt Cooke) at 19:59 (Empty Net)

Penalties :
Chris Phillips (Cal) for Delaying the game (Minor) at 1:25, Carl Hagelin (NYI) for Hooking (Minor) at 9:57

Goalie Stats

Al Montoya (Cal), 30 saves from 33 shots - (0.909), W, 10-6-2, 60:00 minutes
Braden Holtby (NYI), 28 saves from 32 shots - (0.875), L, 22-26-2, 58:47 minutes

Players Stats for Flames

Player Name              G  A  P  +/- PIM S  H  SB GA TA FO     MP     PP MP  PK MP  
------------------------------------------------------------------------------------
Aleksander Barkov        0  0  0   0  0   2  0  0  3  0  7/7    11:04   0:00   0:00 
Barret Jackman           0  0  0   0  2   1  2  4  0  0  0/0    15:18   0:00   0:12 
Brian Campbell           0  0  0   1  0   1  2  2  2  1  0/0    24:51   2:40   0:00 
Chris Phillips           0  0  0   0  2   0  0  1  0  1  0/0    16:30   0:00   1:44 
Jacob Trouba             1  1  2   1  0   5  1  3  1  3  0/0    21:23   1:09   1:09 
Jason Pominville         1  0  1   1  0   6  0  0  3  0  0/0    17:10   1:31   0:00 
Jason Spezza             0  1  1   1  0   1  1  1  2  1  8/15   17:10   1:31   0:00 
Joe Colborne             0  0  0   0  0   0  2  0  0  0  0/0    11:04   0:00   0:00 
Jordan Staal             1  1  2   1  2   3  4  0  1  0  3/8    15:31   2:18   0:00 
Justin Faulk             0  0  0   1  2   1  2  2  0  1  0/0    23:26   2:40   1:21 
Matt Cooke               0  1  1   1  0   1  1  1  0  1  0/1    14:55   0:00   1:28 
Matt Read                0  3  3   0  0   1  1  0  5  0  1/1    15:06   2:18   0:00 
Michael Frolik           2  1  3   1  0   3  0  1  2  1  1/1    15:32   2:18   0:00 
Mikael Backlund          0  0  0   0  0   2  0  1  1  0  1/2    14:29   0:00   1:28 
Nick Spaling             0  0  0   0  0   0  0  0  2  0  0/0    12:49   0:00   1:25 
Scottie Upshall          0  0  0   1  0   2  3  1  1  2  0/0    17:10   1:31   0:00 
Sean Monahan             0  0  0   0  0   2  0  0  6  0  7/13   14:46   0:00   1:25 
TJ Brodie                0  0  0   1  0   2  0  1  0  0  0/0    18:49   1:09   1:20 

Players Stats for Islanders

Player Name              G  A  P  +/- PIM S  H  SB GA TA FO     MP     PP MP  PK MP  
------------------------------------------------------------------------------------
Carl Hagelin             0  0  0   0  2   1  1  0  0  0  0/0    17:17   0:56   0:00 
Colton Sceviour          0  0  0   0  0   4  0  0  3  0  1/1     9:42   0:56   0:00 
Craig Adams              0  0  0   0  0   1  0  0  0  1  1/4    11:54   0:00   3:08 
David Krejci             0  0  0  -1  0   2  1  0  2  0  4/13   17:42   0:56   0:12 
Dustin Brown             1  1  2  -1  2   4  2  0  1  0  0/0    18:31   1:57   0:00 
Erik Karlsson            1  1  2  -1  0   3  2  0  3  2  0/0    22:55   1:38   0:24 
Jamie Benn               1  2  3  -1  0   5  1  0  2  0  3/6    19:27   1:57   0:00 
Jarret Stoll             0  0  0   0  0   1  4  2  0  1  9/17   17:32   0:00   2:56 
Kevin Porter             0  0  0   0  0   1  0  0  0  0  0/0    10:18   0:00   0:41 
Kyle Quincey             0  1  1   0  2   0  0  0  0  0  0/0    18:38   1:38   1:03 
Lauri Korpikoski         0  0  0  -1  0   3  2  0  2  1  0/1    11:35   0:00   0:00 
Marcel Goc               0  0  0  -1  0   2  0  0  2  0  2/6    13:07   0:00   0:41 
Matt Martin              0  0  0  -1  2   0  4  1  0  1  0/0    11:34   0:00   0:00 
Olli Maatta              0  0  0  -1  0   2  0  2  1  2  0/0    17:49   0:00   1:27 
Paul Martin              0  0  0  -1  0   1  1  3  0  2  0/0    22:06   1:15   0:00 
Rob Scuderi              0  0  0  -1  0   1  0  1  0  2  0/0    17:53   0:00   2:22 
Travis Hamonic           0  0  0   0  0   1  1  1  0  3  0/0    20:38   1:15   2:22 
Tyler Ennis              0  1  1   0  0   1  0  0  3  0  0/0    17:29   1:57   0:00 

3 Stars

1 - Michael Frolik (Cal)
2 - Jacob Trouba (Cal)
3 - Jamie Benn (NYI)

Power Play

Flames - 3 on 4 Attempt(s) - 75.00%
Islanders - 3 on 4 Attempt(s) - 75.00%

Penalty Kill

Flames - 1 on 4 Attempt(s) - 25.00% - Score 0 goal in Penalty Kill
Islanders - 1 on 4 Attempt(s) - 25.00% - Score 0 goal in Penalty Kill

Team Stat

Flames - Hits : 19 - Faceoff Wins : 28 - Blocked Shots : 18 - Penalty Minutes : 8
Islanders - Hits : 19 - Faceoff Wins : 20 - Blocked Shots : 10 - Penalty Minutes : 8

Official

Referees : Unknown
Linesman : Unknown

Game Notes

Jordan Staal has scored in a empty net!

Finance

Level 1 -- Attendance: 4401 (73.35%) -- Ticket Income $440,100
Level 2 -- Attendance: 3050 (61.00%) -- Ticket Income $198,250
Level 3 -- Attendance: 1220 (61.00%) -- Ticket Income $54,900
Level 4 -- Attendance: 2440 (61.00%) -- Ticket Income $73,200
Luxury Box -- Attendance: 765 (76.50%) -- Ticket Income $153,000
Game was played at the Nassau Coliseum'
Total Attendance: 11876 (65.98%)
Total Ticket Income: $919,450
Other Income: $450,530
Total Income: $1,369,980

Flames

5 vs 5 Forward 
   Center                   Left Wing                Right Wing               Time % Phy DF OF 
 1 Jason Spezza             Scottie Upshall          Jason Pominville         30     1   2  2  
 2 Jordan Staal             Michael Frolik           Matt Read                25     1   2  2  
 3 Sean Monahan             Mikael Backlund          Matt Cooke               25     1   2  2  
 4 Aleksander Barkov        Nick Spaling             Joe Colborne             20     1   2  2  

5 vs 5 Defense 
   Defense                  Defense                                           Time % Phy DF OF 
 1 Brian Campbell           Justin Faulk                                      36     1   2  2  
 2 TJ Brodie                Jacob Trouba                                      30     1   2  2  
 3 Barret Jackman           Chris Phillips                                    26     1   2  2  
 4 Brian Campbell           Jacob Trouba                                      8      1   2  2  

PowerPlay Forward 
   Center                   Left Wing                Right Wing               Time % Phy DF OF 
 1 Jason Spezza             Scottie Upshall          Jason Pominville         50     0   0  5  
 2 Jordan Staal             Michael Frolik           Matt Read                50     0   0  5  

PowerPlay Defense
   Defense                  Defense                                           Time % Phy DF OF 
 1 Brian Campbell           Justin Faulk                                      50     0   0  5  
 2 TJ Brodie                Jacob Trouba                                      50     0   0  5  

Penalty Kill 4 Players Forward 
   Center                   Wing                     Time % Phy DF OF 
 1 Sean Monahan             Nick Spaling             50     1   4  0  
 2 Mikael Backlund          Matt Cooke               50     1   4  0  

Penalty Kill 4 Players Defense
   Defense                  Defense                  Time % Phy DF OF 
 1 Chris Phillips           Justin Faulk             50     0   5  0  
 2 Barret Jackman           Jacob Trouba             50     1   4  0  

Penalty Kill - 3 Players Forward 
   Forward                                           Time % Phy DF OF 
 1 Sean Monahan                                      50     0   5  0  
 2 Mikael Backlund                                   50     0   5  0  

Penalty Kill - 3 Players Defense
   Defense                  Defense                  Time % Phy DF OF 
 1 Chris Phillips           Justin Faulk             50     0   5  0  
 2 Barret Jackman           Jacob Trouba             50     0   5  0  

4 vs 4 Forward 
   Center                   Wing                     Time % Phy DF OF 
 1 Jordan Staal             Jason Pominville         50     1   2  2  
 2 Jason Spezza             Matt Read                50     1   2  2  

4 vs 4 Defense
   Defense                  Defense                  Time % Phy DF OF 
 1 Brian Campbell           Justin Faulk             50     1   2  2  
 2 TJ Brodie                Chris Phillips           50     1   2  2  

Last Minutes Offensive
   Center                   Left Wing                Right Wing               Defense                  Defense                  
   Jason Spezza             Matt Read                Jason Pominville         Brian Campbell           Justin Faulk             

Last Minutes Defensive
   Center                   Left Wing                Right Wing               Defense                  Defense                  
   Jordan Staal             Matt Cooke               Michael Frolik           TJ Brodie                Jacob Trouba             

Goaltenders
Starting : Al Montoya               
Backup : Mike Smith               

Extra Forwards
Normal : Mikael Backlund, Matt Cooke, Joe Colborne - PP : Mikael Backlund, Joe Colborne - PK : Nick Spaling
Extra Defensemen
Normal : Barret Jackman, Chris Phillips, TJ Brodie - PP : Chris Phillips - PK : TJ Brodie, Brian Campbell
Penalty Shots
Sean Monahan, Matt Read, Jason Spezza, Joe Colborne, Jason Pominville

Islanders

5 vs 5 Forward 
   Center                   Left Wing                Right Wing               Time % Phy DF OF 
 1 David Krejci             Jamie Benn               Carl Hagelin             34     1   1  3  
 2 Jarret Stoll             Dustin Brown             Tyler Ennis              31     1   1  3  
 3 Marcel Goc               Matt Martin              Lauri Korpikoski         20     1   2  2  
 4 Craig Adams              Kevin Porter             Colton Sceviour          15     1   2  2  

5 vs 5 Defense 
   Defense                  Defense                                           Time % Phy DF OF 
 1 Erik Karlsson            Paul Martin                                       37     1   3  1  
 2 Travis Hamonic           Kyle Quincey                                      32     1   3  1  
 3 Olli Maatta              Rob Scuderi                                       28     1   3  1  
 4 Travis Hamonic           Erik Karlsson                                     3      1   3  1  

PowerPlay Forward 
   Center                   Left Wing                Right Wing               Time % Phy DF OF 
 1 Jamie Benn               Dustin Brown             Tyler Ennis              60     1   2  2  
 2 David Krejci             Carl Hagelin             Colton Sceviour          40     1   2  2  

PowerPlay Defense
   Defense                  Defense                                           Time % Phy DF OF 
 1 Erik Karlsson            Kyle Quincey                                      60     1   2  2  
 2 Travis Hamonic           Paul Martin                                       40     1   2  2  

Penalty Kill 4 Players Forward 
   Center                   Wing                     Time % Phy DF OF 
 1 Jarret Stoll             Craig Adams              60     1   2  2  
 2 Marcel Goc               Kevin Porter             40     1   2  2  

Penalty Kill 4 Players Defense
   Defense                  Defense                  Time % Phy DF OF 
 1 Travis Hamonic           Rob Scuderi              60     1   2  2  
 2 Kyle Quincey             Olli Maatta              40     1   2  2  

Penalty Kill - 3 Players Forward 
   Forward                                           Time % Phy DF OF 
 1 Jarret Stoll                                      60     1   2  2  
 2 Marcel Goc                                        40     1   2  2  

Penalty Kill - 3 Players Defense
   Defense                  Defense                  Time % Phy DF OF 
 1 Travis Hamonic           Rob Scuderi              60     1   2  2  
 2 Kyle Quincey             Olli Maatta              40     1   2  2  

4 vs 4 Forward 
   Center                   Wing                     Time % Phy DF OF 
 1 Jamie Benn               Tyler Ennis              60     1   2  2  
 2 David Krejci             Dustin Brown             40     1   2  2  

4 vs 4 Defense
   Defense                  Defense                  Time % Phy DF OF 
 1 Erik Karlsson            Paul Martin              60     1   2  2  
 2 Travis Hamonic           Kyle Quincey             40     1   2  2  

Last Minutes Offensive
   Center                   Left Wing                Right Wing               Defense                  Defense                  
   David Krejci             Dustin Brown             Jamie Benn               Erik Karlsson            Paul Martin              

Last Minutes Defensive
   Center                   Left Wing                Right Wing               Defense                  Defense                  
   Jarret Stoll             Marcel Goc               Craig Adams              Travis Hamonic           Paul Martin              

Goaltenders
Starting : Braden Holtby            
Backup : Andrew Hammond           

Extra Forwards
Normal : Jamie Benn, Dustin Brown, David Krejci - PP : Jamie Benn, Dustin Brown - PK : Jarret Stoll
Extra Defensemen
Normal : Kyle Quincey, Travis Hamonic, Erik Karlsson - PP : Erik Karlsson - PK : Erik Karlsson, Travis Hamonic
Penalty Shots
Jarret Stoll, Dustin Brown, Tyler Ennis, Kyle Quincey, David Krejci

% Time on Ice - Flames

Lines # - Real PCT - Wanted PCT - Time Play
Normal Forward
1 - 30% - 30% - 15:59
2 - 24% - 25% - 12:48
3 - 25% - 25% - 13:01
4 - 21% - 20% - 11:04
Normal Defense
1 - 36% - 36% - 19:04
2 - 31% - 30% - 16:16
3 - 28% - 26% - 14:47
4 - 5% - 8% - 2:45
PP Forward
1 - 40% - 50% - 1:31
2 - 60% - 50% - 2:18
PP Defense
1 - 70% - 50% - 2:40
2 - 30% - 50% - 1:09
PK Forward
1 - 49% - 50% - 1:25
2 - 51% - 50% - 1:28
PK Defense
1 - 60% - 50% - 1:44
2 - 40% - 50% - 1:09
PK3 Forward
1 - 0% - 50%
2 - 0% - 50%
PK3 Defense
1 - 0% - 50%
2 - 0% - 50%
44 Forward
1 - 0% - 50%
2 - 0% - 50%
44 Defense
1 - 0% - 50%
2 - 0% - 50%
Last Minute Offensive  - 0:00
Last Minute Defensive  - 0:26
Total
Forward - 60:00
Defense - 60:00

% Time on Ice - Islanders

Lines # - Real PCT - Wanted PCT - Time Play
Normal Forward
1 - 33% - 34% - 17:18
2 - 29% - 31% - 15:27
3 - 22% - 20% - 11:35
4 - 17% - 15% - 8:46
Normal Defense
1 - 37% - 37% - 19:43
2 - 32% - 32% - 16:54
3 - 29% - 28% - 15:31
4 - 2% - 3% - 0:58
PP Forward
1 - 68% - 60% - 1:57
2 - 32% - 40% - 0:56
PP Defense
1 - 57% - 60% - 1:38
2 - 43% - 40% - 1:15
PK Forward
1 - 82% - 60% - 3:08
2 - 18% - 40% - 0:41
PK Defense
1 - 62% - 60% - 2:22
2 - 38% - 40% - 1:27
PK3 Forward
1 - 0% - 60%
2 - 0% - 40%
PK3 Defense
1 - 0% - 60%
2 - 0% - 40%
44 Forward
1 - 0% - 60%
2 - 0% - 40%
44 Defense
1 - 0% - 60%
2 - 0% - 40%
Last Minute Offensive  - 0:12
Last Minute Defensive  - 0:00
Total
Forward - 60:00
Defense - 60:00

Play by Play

1st period


0:01 of 1st period - Jason Spezza wins face-off versus David Krejci in neutral zone.
0:10 of 1st period - Minor Penalty to Justin Faulk for Diving.
0:11 of 1st period - Sean Monahan wins face-off versus Jamie Benn in Flames zone.
0:29 of 1st period - Snap shot by Jamie Benn.
0:29 of 1st period - Shot Misses the Net.
0:31 of 1st period - Slapshot by Kyle Quincey.
0:31 of 1st period - Shot Blocked by TJ Brodie.
0:33 of 1st period - Snap shot by Dustin Brown.
0:33 of 1st period - Goal by Dustin Brown - Flames : 0 - Islanders : 1.
0:34 of 1st period - Jarret Stoll wins face-off versus Jordan Staal in neutral zone.
1:17 of 1st period - Minor Penalty to Kyle Quincey for Hooking.
1:18 of 1st period - Jarret Stoll wins face-off versus Jason Spezza in Islanders zone.
2:13 of 1st period - Kevin Porter is hit by Brian Campbell and loses puck.
2:28 of 1st period - Slapshot by Jacob Trouba.
2:28 of 1st period - Deflect By Michael Frolik.
2:28 of 1st period - Goal by Michael Frolik - Flames : 1 - Islanders : 1.
2:29 of 1st period - David Krejci wins face-off versus Sean Monahan in neutral zone.
3:01 of 1st period - Wrist shot by Jamie Benn.
3:01 of 1st period - Shot Hit the Post.
3:03 of 1st period - Slapshot by Paul Martin.
3:03 of 1st period - Deflect By Jamie Benn.
3:03 of 1st period - Shot Blocked by Barret Jackman.
3:03 of 1st period - Puck is out of play.
3:04 of 1st period - Jason Spezza wins face-off versus Marcel Goc in Flames zone.
3:09 of 1st period - Rob Scuderi is hit by Justin Faulk and loses puck.
3:21 of 1st period - Snap shot by Rob Scuderi.
3:21 of 1st period - Deflect By Lauri Korpikoski.
3:21 of 1st period - Stopped by Al Montoya without a rebound.
3:22 of 1st period - Jason Spezza wins face-off versus Marcel Goc in Flames zone.
3:39 of 1st period - Wrist shot by Marcel Goc.
3:39 of 1st period - Shot Misses the Net.
3:41 of 1st period - Snap shot by Rob Scuderi.
3:41 of 1st period - Shot Misses the Net.
3:43 of 1st period - Snap shot by Rob Scuderi.
3:43 of 1st period - Shot Blocked by Jason Spezza.
3:45 of 1st period - Wrist shot by Marcel Goc.
3:45 of 1st period - Shot Blocked by Scottie Upshall.
3:47 of 1st period - Slapshot by Olli Maatta.
3:47 of 1st period - Deflect By Brian Campbell.
3:47 of 1st period - Stopped by Al Montoya without a rebound.
3:48 of 1st period - Aleksander Barkov wins face-off versus Craig Adams in Flames zone.
3:55 of 1st period - Wrist shot by Nick Spaling.
3:55 of 1st period - Shot Blocked by Paul Martin.
4:09 of 1st period - Slapshot by Erik Karlsson.
4:09 of 1st period - Stopped by Al Montoya with a rebound.
4:11 of 1st period - Slapshot by Erik Karlsson.
4:11 of 1st period - Stopped by Al Montoya without a rebound.
4:12 of 1st period - Sean Monahan wins face-off versus David Krejci in Flames zone.
4:59 of 1st period - Matt Cooke is hit by Dustin Brown.
6:02 of 1st period - Michael Frolik is hit by Erik Karlsson and loses puck.
6:23 of 1st period - Wrist shot by Lauri Korpikoski.
6:23 of 1st period - Shot Misses the Net.
6:25 of 1st period - Wrist shot by Marcel Goc.
6:25 of 1st period - Shot Misses the Net.
6:33 of 1st period - Wrist shot by Marcel Goc.
6:33 of 1st period - Stopped by Al Montoya with a rebound.
6:35 of 1st period - Slapshot by Rob Scuderi.
6:35 of 1st period - Stopped by Al Montoya with a rebound.
7:11 of 1st period - Wrist shot by David Krejci.
7:11 of 1st period - Stopped by Al Montoya with a rebound.
7:25 of 1st period - Wrist shot by David Krejci.
7:25 of 1st period - Stopped by Al Montoya without a rebound.
7:26 of 1st period - Jarret Stoll wins face-off versus Jason Spezza in Flames zone.
7:49 of 1st period - Snap shot by Tyler Ennis.
7:49 of 1st period - Shot Misses the Net.
7:57 of 1st period - Snap shot by Dustin Brown.
7:57 of 1st period - Shot Misses the Net.
7:59 of 1st period - Snap shot by Jarret Stoll.
7:59 of 1st period - Stopped by Al Montoya without a rebound.
8:00 of 1st period - Aleksander Barkov wins face-off versus Craig Adams in Flames zone.
8:05 of 1st period - Snap shot by TJ Brodie.
8:05 of 1st period - Stopped by Braden Holtby with a rebound.
9:13 of 1st period - Snap shot by Jamie Benn.
9:13 of 1st period - Stopped by Al Montoya with a rebound.
9:15 of 1st period - Snap shot by Travis Hamonic.
9:15 of 1st period - Deflect By Jamie Benn.
9:15 of 1st period - Stopped by Al Montoya with a rebound.
9:51 of 1st period - Snap shot by Dustin Brown.
9:51 of 1st period - Stopped by Al Montoya with a rebound.
9:53 of 1st period - Slapshot by Erik Karlsson.
9:53 of 1st period - Shot Blocked by Matt Cooke.
9:55 of 1st period - Snap shot by Paul Martin.
9:55 of 1st period - Shot Blocked by Mikael Backlund.
9:57 of 1st period - Slapshot by Paul Martin.
9:57 of 1st period - Shot Misses the Net.
10:11 of 1st period - Jacob Trouba is hit by Matt Martin and loses puck.
10:18 of 1st period - Wrist shot by Lauri Korpikoski.
10:18 of 1st period - Stopped by Al Montoya without a rebound.
10:19 of 1st period - Jason Spezza wins face-off versus Lauri Korpikoski in Flames zone.
10:26 of 1st period - Snap shot by Jason Pominville.
10:26 of 1st period - Goal by Jason Pominville - Flames : 2 - Islanders : 1.
10:27 of 1st period - Jason Spezza wins face-off versus David Krejci in neutral zone.
10:32 of 1st period - Slapshot by Jason Pominville.
10:32 of 1st period - Stopped by Braden Holtby with a rebound.
11:13 of 1st period - Minor Penalty to Jordan Staal for Slashing.
11:14 of 1st period - Jamie Benn wins face-off versus Sean Monahan in Flames zone.
11:32 of 1st period - Backhand shot by Erik Karlsson.
11:32 of 1st period - Goal by Erik Karlsson - Flames : 2 - Islanders : 2.
11:33 of 1st period - Jordan Staal wins face-off versus Jarret Stoll in neutral zone.
11:36 of 1st period - Slapshot by Brian Campbell.
11:36 of 1st period - Stopped by Braden Holtby with a rebound.
11:38 of 1st period - Wrist shot by Jordan Staal.
11:38 of 1st period - Stopped by Braden Holtby without a rebound.
11:39 of 1st period - Jarret Stoll wins face-off versus Jordan Staal in Islanders zone.
12:37 of 1st period - David Krejci is hit by Joe Colborne and loses puck.
12:52 of 1st period - Snap shot by Nick Spaling.
12:52 of 1st period - Deflect By Joe Colborne.
12:52 of 1st period - Shot Misses the Net.
12:52 of 1st period - Puck is out of play.
12:53 of 1st period - Marcel Goc wins face-off versus Jason Spezza in Islanders zone.
12:53 of 1st period - Marcel Goc is hit by Barret Jackman.
13:13 of 1st period - Wrist shot by Jason Pominville.
13:13 of 1st period - Shot Misses the Net.
13:59 of 1st period - Wrist shot by Brian Campbell.
13:59 of 1st period - Shot Misses the Net.
14:01 of 1st period - Wrist shot by Mikael Backlund.
14:01 of 1st period - Stopped by Braden Holtby with a rebound.
14:03 of 1st period - Slapshot by Justin Faulk.
14:03 of 1st period - Stopped by Braden Holtby without a rebound.
14:04 of 1st period - Aleksander Barkov wins face-off versus Jarret Stoll in Islanders zone.
14:15 of 1st period - Wrist shot by Aleksander Barkov.
14:15 of 1st period - Deflect By Joe Colborne.
14:15 of 1st period - Shot Misses the Net.
14:15 of 1st period - Puck is out of play.
14:16 of 1st period - Aleksander Barkov wins face-off versus Jarret Stoll in Islanders zone.
14:41 of 1st period - Wrist shot by Aleksander Barkov.
14:41 of 1st period - Shot Blocked by Jarret Stoll.
14:43 of 1st period - Snap shot by Aleksander Barkov.
14:43 of 1st period - Shot Misses the Net.
14:45 of 1st period - Slapshot by Jacob Trouba.
14:45 of 1st period - Stopped by Braden Holtby with a rebound.
14:52 of 1st period - Minor Penalty to Dustin Brown for Hooking.
14:53 of 1st period - Michael Frolik wins face-off versus Jarret Stoll in Islanders zone.
15:34 of 1st period - Rob Scuderi is hit by Jordan Staal and loses puck.
15:55 of 1st period - Icing by Scottie Upshall.
15:56 of 1st period - Jason Spezza wins face-off versus David Krejci in Flames zone.
16:10 of 1st period - Olli Maatta is hit by Scottie Upshall and loses puck.
16:21 of 1st period - Snap shot by Scottie Upshall.
16:21 of 1st period - Shot Blocked by Olli Maatta.
16:23 of 1st period - Slapshot by Jacob Trouba.
16:23 of 1st period - Shot Misses the Net.
16:25 of 1st period - Slapshot by Jason Pominville.
16:25 of 1st period - Shot Misses the Net.
16:52 of 1st period - Penalty to Dustin Brown is over, Dustin Brown is back on ice.
17:26 of 1st period - Olli Maatta is hit by Joe Colborne and loses puck.
17:51 of 1st period - Wrist shot by Jamie Benn.
17:51 of 1st period - Stopped by Al Montoya with a rebound.
17:53 of 1st period - Snap shot by Paul Martin.
17:53 of 1st period - Deflect By Chris Phillips.
17:53 of 1st period - Stopped by Al Montoya with a rebound.
17:55 of 1st period - Slapshot by Erik Karlsson.
17:55 of 1st period - Shot Hit the Post.
18:29 of 1st period - Wrist shot by Jason Pominville.
18:29 of 1st period - Stopped by Braden Holtby with a rebound.
18:31 of 1st period - Slapshot by Scottie Upshall.
18:31 of 1st period - Shot Misses the Net.
19:02 of 1st period - Brian Campbell is hit by Travis Hamonic and loses puck.
19:09 of 1st period - Matt Read is hit by Erik Karlsson and loses puck.
19:34 of 1st period - Jacob Trouba is hit by Jarret Stoll and loses puck.
19:43 of 1st period - Snap shot by Aleksander Barkov.
19:43 of 1st period - Stopped by Braden Holtby without a rebound.
19:44 of 1st period - Aleksander Barkov wins face-off versus Jarret Stoll in Islanders zone.
Goals for this period are 2 for Flames vs 2 for Islanders.
Shots for this period are 11 for Flames vs 17 for Islanders.

2nd period


0:01 of 2nd period - Matt Read wins face-off versus David Krejci in neutral zone.
0:26 of 2nd period - Wrist shot by Jamie Benn.
0:26 of 2nd period - Shot Misses the Net.
0:56 of 2nd period - Snap shot by Jason Spezza.
0:56 of 2nd period - Shot Blocked by Paul Martin.
0:58 of 2nd period - Slapshot by Jacob Trouba.
0:58 of 2nd period - Deflect By Jason Pominville.
0:58 of 2nd period - Stopped by Braden Holtby with a rebound.
1:20 of 2nd period - Snap shot by Jason Pominville.
1:20 of 2nd period - Shot Misses the Net.
1:22 of 2nd period - Snap shot by Jason Spezza.
1:22 of 2nd period - Stopped by Braden Holtby with a rebound.
2:24 of 2nd period - Chris Phillips is hit by Lauri Korpikoski and loses puck.
2:36 of 2nd period - Brian Campbell is hit by Matt Martin and loses puck.
5:15 of 2nd period - Off-side.
5:16 of 2nd period - Aleksander Barkov wins face-off versus David Krejci in neutral zone.
6:01 of 2nd period - Snap shot by Lauri Korpikoski.
6:01 of 2nd period - Shot Blocked by Barret Jackman.
6:03 of 2nd period - Backhand shot by Marcel Goc.
6:03 of 2nd period - Stopped by Al Montoya without a rebound.
6:04 of 2nd period - Marcel Goc wins face-off versus Jason Spezza in Flames zone.
7:30 of 2nd period - Snap shot by Erik Karlsson.
7:30 of 2nd period - Deflect By Colton Sceviour.
7:30 of 2nd period - Stopped by Al Montoya with a rebound.
7:32 of 2nd period - Wrist shot by Colton Sceviour.
7:32 of 2nd period - Stopped by Al Montoya with a rebound.
7:34 of 2nd period - Slapshot by Paul Martin.
7:34 of 2nd period - Deflect By Colton Sceviour.
7:34 of 2nd period - Stopped by Al Montoya with a rebound.
7:36 of 2nd period - Snap shot by Kevin Porter.
7:36 of 2nd period - Stopped by Al Montoya with a rebound.
7:38 of 2nd period - Slapshot by Craig Adams.
7:38 of 2nd period - Shot Blocked by Jacob Trouba.
7:40 of 2nd period - Slapshot by Paul Martin.
7:40 of 2nd period - Shot Misses the Net.
7:42 of 2nd period - Slapshot by Erik Karlsson.
7:42 of 2nd period - Shot Misses the Net.
7:44 of 2nd period - Wrist shot by Craig Adams.
7:44 of 2nd period - Shot Blocked by Michael Frolik.
7:46 of 2nd period - Slapshot by Paul Martin.
7:46 of 2nd period - Shot Misses the Net.
7:48 of 2nd period - Backhand shot by Craig Adams.
7:48 of 2nd period - Stopped by Al Montoya with a rebound.
7:50 of 2nd period - Wrist shot by Craig Adams.
7:50 of 2nd period - Shot Misses the Net.
8:29 of 2nd period - Wrist shot by David Krejci.
8:29 of 2nd period - Shot Misses the Net.
8:31 of 2nd period - Wrist shot by David Krejci.
8:31 of 2nd period - Shot Blocked by Jacob Trouba.
8:59 of 2nd period - Nick Spaling is hit by Lauri Korpikoski and loses puck.
9:08 of 2nd period - Slapshot by Erik Karlsson.
9:08 of 2nd period - Shot Blocked by Chris Phillips.
9:10 of 2nd period - Wrist shot by Marcel Goc.
9:10 of 2nd period - Shot Blocked by Barret Jackman.
9:12 of 2nd period - Snap shot by Paul Martin.
9:12 of 2nd period - Shot Blocked by Barret Jackman.
9:14 of 2nd period - Snap shot by Lauri Korpikoski.
9:14 of 2nd period - Stopped by Al Montoya without a rebound.
9:15 of 2nd period - Jarret Stoll wins face-off versus Jason Spezza in Flames zone.
9:32 of 2nd period - Slapshot by Erik Karlsson.
9:32 of 2nd period - Shot Blocked by Justin Faulk.
9:48 of 2nd period - Brian Campbell is hit by Jarret Stoll and loses puck.
10:46 of 2nd period - Minor Penalty to Matt Martin for Hooking.
10:47 of 2nd period - Jarret Stoll wins face-off versus Jordan Staal in Islanders zone.
10:47 of 2nd period - Jarret Stoll is hit by Justin Faulk.
11:01 of 2nd period - Travis Hamonic is hit by Jordan Staal and loses puck.
11:10 of 2nd period - Snap shot by Michael Frolik.
11:10 of 2nd period - Goal by Michael Frolik - Flames : 3 - Islanders : 2.
11:11 of 2nd period - Jason Spezza wins face-off versus Jamie Benn in neutral zone.
12:10 of 2nd period - Barret Jackman is hit by Jarret Stoll and loses puck.
12:19 of 2nd period - Wrist shot by Tyler Ennis.
12:19 of 2nd period - Stopped by Al Montoya without a rebound.
12:20 of 2nd period - Mikael Backlund wins face-off versus Marcel Goc in Flames zone.
15:13 of 2nd period - Minor Penalty to Barret Jackman for High sticking.
15:14 of 2nd period - Jamie Benn wins face-off versus Mikael Backlund in Flames zone.
15:58 of 2nd period - Wrist shot by Erik Karlsson.
15:58 of 2nd period - Shot Hit the Post.
16:04 of 2nd period - Slapshot by Carl Hagelin.
16:04 of 2nd period - Stopped by Al Montoya without a rebound.
16:05 of 2nd period - Sean Monahan wins face-off versus David Krejci in Flames zone.
16:30 of 2nd period - Snap shot by Sean Monahan.
16:30 of 2nd period - Shot Misses the Net.
16:32 of 2nd period - Slapshot by Justin Faulk.
16:32 of 2nd period - Shot Hit the Post.
16:34 of 2nd period - Slapshot by Sean Monahan.
16:34 of 2nd period - Stopped by Braden Holtby with a rebound.
17:00 of 2nd period - Chris Phillips is hit by Dustin Brown and loses puck.
17:10 of 2nd period - Icing by Tyler Ennis.
17:11 of 2nd period - Sean Monahan wins face-off versus Jamie Benn in Islanders zone.
17:13 of 2nd period - Penalty to Barret Jackman is over, Barret Jackman is back on ice.
17:49 of 2nd period - Wrist shot by Jordan Staal.
17:49 of 2nd period - Shot Misses the Net.
17:51 of 2nd period - Wrist shot by Jordan Staal.
17:51 of 2nd period - Stopped by Braden Holtby with a rebound.
17:53 of 2nd period - Wrist shot by Jacob Trouba.
17:53 of 2nd period - Shot Blocked by Paul Martin.
18:48 of 2nd period - Snap shot by Jason Pominville.
18:48 of 2nd period - Shot Misses the Net.
18:50 of 2nd period - Snap shot by Scottie Upshall.
18:50 of 2nd period - Stopped by Braden Holtby with a rebound.
18:52 of 2nd period - Wrist shot by Scottie Upshall.
18:52 of 2nd period - Stopped by Braden Holtby without a rebound.
18:53 of 2nd period - Sean Monahan wins face-off versus Craig Adams in Islanders zone.
18:56 of 2nd period - Wrist shot by Sean Monahan.
18:56 of 2nd period - Stopped by Braden Holtby with a rebound.
19:04 of 2nd period - Snap shot by Matt Cooke.
19:04 of 2nd period - Stopped by Braden Holtby with a rebound.
19:06 of 2nd period - Snap shot by Matt Cooke.
19:06 of 2nd period - Shot Misses the Net.
19:08 of 2nd period - Slapshot by Mikael Backlund.
19:08 of 2nd period - Shot Blocked by Rob Scuderi.
Goals for this period are 1 for Flames vs 0 for Islanders.
Shots for this period are 9 for Flames vs 9 for Islanders.

3rd period


0:01 of 3rd period - Jarret Stoll wins face-off versus Jordan Staal in neutral zone.
1:06 of 3rd period - Scottie Upshall is hit by Carl Hagelin and loses puck.
1:25 of 3rd period - Minor Penalty to Chris Phillips for Delaying the game.
1:26 of 3rd period - Jamie Benn wins face-off versus Sean Monahan in Flames zone.
1:35 of 3rd period - Snap shot by Jamie Benn.
1:35 of 3rd period - Shot Blocked by Jacob Trouba.
1:37 of 3rd period - Snap shot by Jamie Benn.
1:37 of 3rd period - Goal by Jamie Benn - Flames : 3 - Islanders : 3.
1:38 of 3rd period - Jarret Stoll wins face-off versus Sean Monahan in neutral zone.
1:52 of 3rd period - Snap shot by Dustin Brown.
1:52 of 3rd period - Stopped by Al Montoya with a rebound.
1:54 of 3rd period - Slapshot by Travis Hamonic.
1:54 of 3rd period - Deflect By Justin Faulk.
1:54 of 3rd period - Stopped by Al Montoya with a rebound.
1:56 of 3rd period - Slapshot by Travis Hamonic.
1:56 of 3rd period - Shot Misses the Net.
1:58 of 3rd period - Slapshot by Travis Hamonic.
1:58 of 3rd period - Shot Blocked by Brian Campbell.
2:00 of 3rd period - Slapshot by Kyle Quincey.
2:00 of 3rd period - Deflect By Dustin Brown.
2:00 of 3rd period - Shot Misses the Net.
2:00 of 3rd period - Puck is out of play.
2:01 of 3rd period - Jordan Staal wins face-off versus David Krejci in Flames zone.
2:26 of 3rd period - Wrist shot by Matt Read.
2:26 of 3rd period - Stopped by Braden Holtby without a rebound.
2:27 of 3rd period - Sean Monahan wins face-off versus Jarret Stoll in Islanders zone.
3:21 of 3rd period - Jason Spezza is hit by Matt Martin and loses puck.
3:36 of 3rd period - Paul Martin is hit by Scottie Upshall and loses puck.
4:24 of 3rd period - Wrist shot by Michael Frolik.
4:24 of 3rd period - Shot Misses the Net.
4:26 of 3rd period - Snap shot by Barret Jackman.
4:26 of 3rd period - Deflect By Erik Karlsson.
4:26 of 3rd period - Stopped by Braden Holtby with a rebound.
4:28 of 3rd period - Snap shot by Michael Frolik.
4:28 of 3rd period - Stopped by Braden Holtby with a rebound.
4:52 of 3rd period - Snap shot by Aleksander Barkov.
4:52 of 3rd period - Stopped by Braden Holtby without a rebound.
4:53 of 3rd period - David Krejci wins face-off versus Sean Monahan in Islanders zone.
5:08 of 3rd period - Snap shot by David Krejci.
5:08 of 3rd period - Shot Misses the Net.
5:56 of 3rd period - Brian Campbell is hit by Jarret Stoll and loses puck.
6:15 of 3rd period - Wrist shot by Jason Spezza.
6:15 of 3rd period - Shot Misses the Net.
6:17 of 3rd period - Slapshot by Barret Jackman.
6:17 of 3rd period - Shot Blocked by Travis Hamonic.
6:19 of 3rd period - Slapshot by Jason Pominville.
6:19 of 3rd period - Stopped by Braden Holtby with a rebound.
7:39 of 3rd period - Wrist shot by Jamie Benn.
7:39 of 3rd period - Shot Misses the Net.
8:12 of 3rd period - Snap shot by Sean Monahan.
8:12 of 3rd period - Deflect By Matt Cooke.
8:12 of 3rd period - Shot Misses the Net.
8:12 of 3rd period - Puck is out of play.
8:13 of 3rd period - Colton Sceviour wins face-off versus Matt Cooke in Islanders zone.
8:33 of 3rd period - Wrist shot by Sean Monahan.
8:33 of 3rd period - Shot Blocked by Olli Maatta.
9:41 of 3rd period - Erik Karlsson is hit by Matt Read and loses puck.
9:57 of 3rd period - Minor Penalty to Carl Hagelin for Hooking.
9:58 of 3rd period - Jordan Staal wins face-off versus Jarret Stoll in Islanders zone.
9:58 of 3rd period - Snap shot by Matt Read.
9:58 of 3rd period - Shot Blocked by Jarret Stoll.
10:00 of 3rd period - Slapshot by Jacob Trouba.
10:00 of 3rd period - Stopped by Braden Holtby with a rebound.
10:02 of 3rd period - Slapshot by Jacob Trouba.
10:02 of 3rd period - Stopped by Braden Holtby with a rebound.
10:08 of 3rd period - Snap shot by Matt Read.
10:08 of 3rd period - Shot Misses the Net.
10:10 of 3rd period - Snap shot by Matt Read.
10:10 of 3rd period - Shot Misses the Net.
10:12 of 3rd period - Slapshot by Jacob Trouba.
10:12 of 3rd period - Goal by Jacob Trouba - Flames : 4 - Islanders : 3.
10:13 of 3rd period - David Krejci wins face-off versus Jason Spezza in neutral zone.
10:22 of 3rd period - Snap shot by Jamie Benn.
10:22 of 3rd period - Stopped by Al Montoya without a rebound.
10:23 of 3rd period - David Krejci wins face-off versus Jason Spezza in Flames zone.
11:04 of 3rd period - Paul Martin is hit by Jason Spezza and loses puck.
11:29 of 3rd period - Wrist shot by Dustin Brown.
11:29 of 3rd period - Stopped by Al Montoya without a rebound.
11:30 of 3rd period - Jarret Stoll wins face-off versus Sean Monahan in Flames zone.
12:21 of 3rd period - Matt Martin is hit by Jordan Staal and loses puck.
12:34 of 3rd period - Michael Frolik is hit by Matt Martin and loses puck.
13:01 of 3rd period - Slapshot by Jacob Trouba.
13:01 of 3rd period - Shot Blocked by Matt Martin.
13:09 of 3rd period - Slapshot by TJ Brodie.
13:09 of 3rd period - Shot Misses the Net.
13:11 of 3rd period - Backhand shot by TJ Brodie.
13:11 of 3rd period - Stopped by Braden Holtby with a rebound.
13:13 of 3rd period - Slapshot by Jacob Trouba.
13:13 of 3rd period - Stopped by Braden Holtby with a rebound.
13:43 of 3rd period - Slapshot by Jason Pominville.
13:43 of 3rd period - Stopped by Braden Holtby with a rebound.
14:22 of 3rd period - Chris Phillips is hit by Jamie Benn and loses puck.
14:29 of 3rd period - Chris Phillips is hit by Paul Martin and loses puck.
15:05 of 3rd period - Paul Martin is hit by Jacob Trouba and loses puck.
15:12 of 3rd period - Olli Maatta is hit by Jordan Staal and loses puck.
15:47 of 3rd period - Rob Scuderi is hit by Barret Jackman and loses puck.
16:26 of 3rd period - Kevin Porter is hit by Brian Campbell and loses puck.
16:56 of 3rd period - Erik Karlsson is hit by Scottie Upshall and loses puck.
17:11 of 3rd period - Slapshot by Mikael Backlund.
17:11 of 3rd period - Stopped by Braden Holtby without a rebound.
17:12 of 3rd period - Sean Monahan wins face-off versus Jarret Stoll in Islanders zone.
17:42 of 3rd period - Chris Phillips is hit by David Krejci.
18:05 of 3rd period - Icing by Kevin Porter.
18:06 of 3rd period - Craig Adams wins face-off versus Jordan Staal in Islanders zone.
18:30 of 3rd period - Snap shot by Colton Sceviour.
18:30 of 3rd period - Stopped by Al Montoya without a rebound.
18:31 of 3rd period - Aleksander Barkov wins face-off versus Marcel Goc in Flames zone.
18:46 of 3rd period - Islanders, Braden Holtby is pulled from the net.
18:48 of 3rd period - Wrist shot by Lauri Korpikoski.
18:48 of 3rd period - Shot Blocked by Justin Faulk.
18:50 of 3rd period - Backhand shot by Olli Maatta.
18:50 of 3rd period - Stopped by Al Montoya with a rebound.
18:52 of 3rd period - Slapshot by Rob Scuderi.
18:52 of 3rd period - Deflect By Marcel Goc.
18:52 of 3rd period - Shot Blocked by Brian Campbell.
18:52 of 3rd period - Puck is out of play.
18:53 of 3rd period - Todd McLellan call a timeout for Islanders.
18:53 of 3rd period - Jason Spezza wins face-off versus David Krejci in Flames zone.
19:54 of 3rd period - Paul Martin is hit by Matt Cooke and loses puck.
19:59 of 3rd period - Wrist shot by Michael Frolik.
19:59 of 3rd period - Deflect By Jordan Staal.
19:59 of 3rd period - Goal by Jordan Staal - Flames : 5 - Islanders : 3.
19:59 of 3rd period - Braden Holtby from Islanders was sent back in the game.
Goals for this period are 2 for Flames vs 1 for Islanders.
Shots for this period are 13 for Flames vs 7 for Islanders.


Output by the SimonT Hockey Simulator (STHS) for Eric Dolegowski -- Original Page W3C XHTML 1.0 Valid
Hockey Simulator - Hockey Simulation - Hockey Manager